 Dungeon Crawl Stone Soup version 0.29-a0-563-g64e4043184 (webtiles) character file.

Game seed: 14150961947402838885

1816 xian the Covered (level 9, -3/54 HPs)
             Began as a Gargoyle Fighter on June 11, 2022.
             Slain by an orc warlord
             ... wielding a +0 broad axe
              (28 damage)
             ... in a bailey.
             The game lasted 00:26:19 (7753 turns).

xian the Covered (Gargoyle Fighter)                 Turns: 7753, Time: 00:26:21

Health: -3/54      AC: 19    Str: 31    XL:     9   Next: 10%
Magic:  9/9        EV: 11    Int: 13    God:
Gold:   1670       SH:  5    Dex: 11    Spells: 8/8 levels left

rFire   + . .      SeeInvis +   f - +6 rapier of Natu {vamp, Fly rElec rN++ Will+ Int-4}
rCold   . . .      Faith    +   c - +0 buckler
rNeg    + + +      Spirit   .   b - +0 scale mail
rPois   ∞          Reflect  .   d - +0 helmet {SInv}
rElec   +          Harm     .   j - +0 cloak of Urysauby {rN+ Will+}
rCorr   +          Rampage  .   (no gloves)
Will    ++++.                   y - +1 pair of boots "Era Ohim" {rF+ rCorr Str+2}
Stlth   ..........              u - amulet of faith
HPRegen 0.18/turn               i - ring "Hutifuh" {rN+ Will+ Int+6 Dex+2}
MPRegen 0.11/turn               C - ring "Hemyral" {rN++ Will+ Str+4 Int+3}

@: mighty, flying
A: sickness immunity, AC +6, negative energy resistance 1, electricity
resistance, torment resistance 1, petrification resistance
a: no special abilities


You were in a bailey.
You visited 2 branches of the dungeon, and saw 8 of its levels.
You also visited: Sewer and Bailey.

You collected 1670 gold pieces.

Inventory:

Hand Weapons
 f - the +6 rapier of Natu (weapon) {vamp, Fly rElec rN++ Will+ Int-4}
   (You acquired it on level 3 of the Dungeon)

   It occasionally heals its wielder for a portion of the damage dealt when it
   wounds a living foe.
   Int:       It affects your intelligence (-4).
   rElec:     It insulates you from electricity.
   rN:        It greatly protects you from negative energy.
   Fly:       It grants you flight.
   Will:      It increases your willpower.
 n - the +1 morningstar of Spite {vamp, rPois rF- rC+++ Stlth+}
   (You acquired it on level 2 of the Dungeon)

   It occasionally heals its wielder for a portion of the damage dealt when it
   wounds a living foe.
   rF:        It makes you vulnerable to fire.
   rC:        It renders you almost immune to cold.
   rPois:     It protects you from poison.
   Stlth:     It makes you more stealthy.
 p - the +1 dagger "Ger Lesich" {spect, rN+ rCorr Int+4}
   (You found it on level 2 of the Dungeon)

   When its wielder attacks, the weapon's spirit leaps out and strikes again.
   The spirit shares a part of any damage it takes with its wielder.
   Int:       It affects your intelligence (+4).
   rN:        It protects you from negative energy.
   rCorr:     It protects you from acid and corrosion.
 E - the +4 dagger "Morg" {pain, Will+ Int+5}
   (You found it on level 6 of the Dungeon)

   In the hands of one skilled in necromantic magic, it inflicts extra damage on
   living creatures.
   Int:       It affects your intelligence (+5).
   Will:      It increases your willpower.
Missiles
 q - 19 poisoned darts (quivered)
Armour
 b - a +0 scale mail (worn)
 c - a +0 buckler (worn)
 d - a +0 helmet of see invisible (worn)
 h - a scarf of repulsion
 j - the +0 cloak of Urysauby (worn) {rN+ Will+}
   (You acquired it on level 1 of the Dungeon)

   rN:        It protects you from negative energy.
   Will:      It increases your willpower.
 y - the +1 pair of boots "Era Ohim" (worn) {rF+ rCorr Str+2}
   (You acquired it in a sewer)

   Str:       It affects your strength (+2).
   rF:        It protects you from fire.
   rCorr:     It protects you from acid and corrosion.
 B - a scarf of invisibility
Jewellery
 e - a +4 ring of slaying
 i - the ring "Hutifuh" (left hand) {rN+ Will+ Int+6 Dex+2}
   (You acquired it on level 1 of the Dungeon)

   [ring of intelligence]

   Int:       It affects your intelligence (+6).
   Dex:       It affects your dexterity (+2).
   rN:        It protects you from negative energy.
   Will:      It increases your willpower.
 s - a +6 ring of strength
 u - an amulet of faith (around neck)
 w - a ring of protection from fire
 C - the ring "Hemyral" (right hand) {rN++ Will+ Str+4 Int+3}
   (You acquired it on level 6 of the Dungeon)

   [ring of willpower]

   Str:       It affects your strength (+4).
   Int:       It affects your intelligence (+3).
   rN:        It greatly protects you from negative energy.
   Will:      It increases your willpower.
 H - a +4 ring of slaying
Wands
 F - a wand of flame (22)
Scrolls
 g - a scroll of magic mapping
 k - a scroll of brand weapon {unknown}
 v - 3 scrolls of enchant armour {unknown}
 z - a scroll of immolation {unknown}
 D - a scroll of poison
 G - a scroll of amnesia {unknown}
 I - a scroll of fear
 J - 2 scrolls of fog {unknown}
 K - a scroll of blinking {unknown}
Potions
 a - a potion of berserk rage
 l - a potion of magic
 m - a potion of degeneration {unknown}
 o - 6 potions of lignification
 r - 2 potions of attraction
 t - 5 potions of curing
 A - 3 potions of haste


   Skills:
 + Level 5.3 Fighting
 + Level 4.8 Short Blades
 + Level 5.1 Maces & Flails
 + Level 0.3 Throwing
 + Level 6.7 Armour
 + Level 2.7 Dodging
 + Level 0.8 Stealth
 + Level 5.8 Shields


You had 8 spell levels left.
You didn't know any spells.
Your spell library contained the following spells:

 Spells                   Type           Power      Damage    Failure   Level
 Magic Dart               Conj           0%         1d3       58%         1
 Blink                    Tloc           0%         N/A       75%         2
 Call Imp                 Summ           0%         N/A       75%         2
 Scorch                   Fire           0%         2d5       75%         2
 Dazzling Flash           Conj/Hex       0%         N/A       92%         3
 Gell's Gravitas          Tloc           0%         N/A       92%         3
 Lesser Beckoning         Tloc           0%         N/A       92%         3
 Mephitic Cloud           Conj/Pois/Air  0%         N/A       92%         3
 Teleport Other           Tloc           0%         N/A       92%         3
 Flame Wave               Conj/Fire      0%         2d4       100%        4
 Hailstorm                Conj/Ice       0%         3d3       100%        4
 Ice Form                 Ice/Tmut       0%         N/A       100%        4
 Iskenderun's Mystic Bla  Conj/Tloc      0%         2d3       100%        4
 Manifold Assault         Tloc           0%         N/A       100%        5
 Dispersal                Tloc           0%         N/A       100%        6
 Simulacrum               Ice/Necr       0%         N/A       100%        6
 Starburst                Conj/Fire      0%         6d3       100%        6
 Summon Cactus Giant      Summ           0%         N/A       100%        6


Dungeon Overview and Level Annotations

Branches:
Dungeon (7/15)             Temple (1/1) D:4           Sewer (visited)
 Bailey (1/1)

Altars:
Ashenzari
Cheibriados
Dithmenos
Elyvilon
Fedhas
Gozag
Hepliaklqana
Kikubaaqudgha
Makhleb
Nemelex Xobeh
Okawaru
Qazlal
Ru
Sif Muna
Trog
Uskayaw
Vehumet
Wu Jian
Yredelemnul
Zin
The Shining One


Innate Abilities, Weirdness & Mutations

You are immune to sickness and miasma.
Your stone body is resilient. (AC +6)
You are immune to poison.
You resist negative energy. (rN+)
You are resistant to electric shocks. (rElec)
You are resistant to unholy torment.
You are immune to petrification.


Message History

The gnoll is severely wounded.
The gnoll hits you but does no damage.
You puncture the gnoll!
You feel better.
You kill the gnoll!
Things that are here:
a +0 hand axe; a +0 leather armour; a gnoll corpse
Things that are here:
a +0 hand axe; a +0 leather armour; a gnoll corpse
There is an open door here.
Things that are here:
a +0 hand axe; a +0 leather armour
Things that are here:
a +0 hand axe; a +0 leather armour; a gnoll corpse
Things that are here:
a +0 hand axe; a +0 leather armour; a gnoll corpse
There is an open door here.
Things that are here:
a +0 hand axe; a +0 leather armour
There is an open door here.
You reach down and open the gate.
You hit the gnoll.
You feel better.
The gnoll is lightly wounded.
The gnoll barely misses you. The gnoll hits you but does no damage.
Okay, then.
You feel very mighty all of a sudden. The gnoll hits you but does no damage.
You barely miss the gnoll.
The gnoll is lightly wounded.
The gnoll misses you. The orc warlord completely misses you.
You hit the gnoll.
You feel better.
The gnoll is heavily wounded.
The gnoll hits you with a +0 hand axe.
The orc warlord hits you with a +0 broad axe!!
You closely miss the gnoll.
The gnoll is heavily wounded.
The gnoll barely misses you.
The orc warlord hits you with a +0 broad axe!!
Ouch! That really hurt!
You die...

##.....)####≈≈ #≈≈≈##..
##...).#≈≈#≈. ...}≈#..
##....#≈........?≈#.(
#...##≈8.8...8.8##..
#...'≈≈.........#...
#...'≈≈....∩....#...
#...'≈≈.........#...
#.og##≈8.8...8.8##..
##..@.#≈.... ...!≈#..
##.....#≈≈#≈. ...:≈#..
##......#### ≈ #≈≈≈##..
#...8......#########...
#..........'.....))...8
#..........#≈≈≈≈≈#.....
##..8..8...#≈≈≈≈≈#.....
##.......##≈≈≈≈≈##...8
##.....##.......##...


You could see an orc warlord and a gnoll.

Vanquished Creatures
  Grinder (D:6)
  Eustachio (D:3)
  A steam dragon (D:4)
  A water moccasin (D:5)
  3 orc warriors (Bailey)
  A phantom (D:5)
  3 bullfrogs
  2 scorpions (D:5)
  A jelly (D:6)
  3 hounds
  An iguana (D:6)
  Robin (D:4)
  6 gnolls
  17 adders
  5 river rats (Sewer)
  A shadow imp (D:6)
  2 ufetubi
  A worm (D:5)
  2 dart slugs
  5 orcs
  14 ball pythons
  9 endoplasms
  4 giant cockroaches
  26 goblins
  6 hobgoblins
  11 jackals
  4 quokkas
  6 bats
  7 frilled lizards
  15 kobolds
  26 rats
186 creatures vanquished.

Notes
Turn   | Place    | Note
-------+----------+-------------------------------------------
     0 | D:1      | xian the Gargoyle Fighter began the quest for the Orb.
     0 | D:1      | Reached XP level 1. HP: 14/14 MP: 1/1
   146 | D:1      | Identified 3 scrolls of acquirement
   146 | D:1      | Acquired the +0 cloak of Urysauby {rN+ Will+}
   158 | D:1      | Acquired 1327 gold pieces
   160 | D:1      | Acquired the ring "Hutifuh" {rN+ Will+ Int+6 Dex+2}
   369 | D:1      | Reached XP level 2. HP: 19/19 MP: 2/2
  1017 | D:1      | Reached XP level 3. HP: 22/24 MP: 3/3
  1511 | D:2      | Reached XP level 4. HP: 28/29 MP: 4/4
  1521 | D:2      | Acquired the +1 morningstar of Spite {vamp, rPois rF- rC+++
                  | Stlth+}
  2003 | D:2      | Identified the +1 dagger "Ger Lesich" {spect, rN+ rCorr
                  | Int+4}
  2745 | D:3      | Found a faded altar of an unknown god.
  2914 | D:3      | Reached skill level 4 in Armour
  3161 | D:4      | Noticed Eustachio
  3198 | D:3      | Killed Eustachio
  3199 | D:3      | Reached XP level 5. HP: 28/33 MP: 5/5
  3199 | D:3      | Reached XP level 6. HP: 32/38 MP: 6/6
  3249 | D:4      | Noticed Robin
  3259 | D:4      | Killed Robin
  3260 | D:4      | Reached skill level 1 in Dodging
  3587 | D:4      | Acquired the +6 rapier of Natu {vamp, Fly rElec rN++ Will+
                  | Int-4}
  3591 | D:4      | Acquired a +6 ring of strength
  3856 | D:4      | Found a staircase to the Ecumenical Temple.
  3873 | Temple   | Entered the Ecumenical Temple
  4358 | D:4      | Noticed a steam dragon
  4683 | D:4      | Killed a steam dragon
  4684 | D:4      | Reached XP level 7. HP: 6/44 MP: 7/7
  4999 | D:5      | Entered Level 5 of the Dungeon
  5072 | D:5      | Reached skill level 5 in Maces & Flails
  5076 | D:5      | Reached skill level 1 in Short Blades
  5142 | D:5      | Reached skill level 5 in Armour
  5468 | D:5      | Found a glowing drain.
  5472 | Sewer    | Entered a sewer
  5578 | Sewer    | Reached skill level 5 in Shields
  5601 | Sewer    | Reached XP level 8. HP: 47/48 MP: 8/8
  5641 | Sewer    | Acquired the +1 pair of boots "Era Ohim" {rF+ rCorr Str+2}
  6045 | D:5      | Reached skill level 6 in Armour
  6460 | D:6      | Acquired the ring "Hemyral" {rN++ Will+ Str+4 Int+3}
  6596 | D:6      | Found the +4 dagger "Morg" {pain, Will+ Int+5}
  6660 | D:6      | Noticed Grinder
  6677 | D:6      | Killed Grinder
  6784 | D:6      | Reached skill level 5 in Fighting
  7392 | D:7      | Found a flagged portal.
  7424 | Bailey   | Entered a bailey
  7503 | Bailey   | Noticed an orc warlord
  7561 | Bailey   | Reached XP level 9. HP: 53/54 MP: 9/9
  7615 | Bailey   | Found a runed translucent gate.
  7615 | Bailey   | Found a runed translucent gate.
  7615 | Bailey   | Found a runed translucent gate.
  7753 | Bailey   | Slain by an orc warlord

Illustrated notes

Levels and vault maps discovered:
D:1:      minmay_arrival_semitransparent, layout_loops_ring
D:2:      layout_loops_corners, nicolae_concentric_dashed_squares_mild,
          minmay_pentomino_x4
D:3:      layout_basic, shapermc_ecumenical_altar_notcrosses
D:4:      layout_basic, minmay_temple_entry_antechambers, uniq_eustachio,
          uniq_robin
D:5:      layout_basic, gup_sewer_entry_spiral
D:6:      layout_basic, serial_rivers, chequers_serial_rivers_micro_c,
          chequers_serial_rivers_room_b, chequers_serial_rivers_room_b,
          chequers_serial_rivers_large_a, chequers_serial_rivers_micro_b,
          chequers_serial_rivers_micro_b, uniq_grinder
D:7:      layout_basic, enter_bailey_5
Temple:   mainiacjoe_temple_trianglar_array
Bailey:   bailey_axe_bossmonster_kennysheep, bailey

Skill      XL: |  1  2  3  4  5  6  7  8 |
---------------+-------------------------+-----
Maces & Flails | 4 5 |  5.1
Armour         | 4 5 6 |  6.7
Fighting       | 4 5 |  5.3
Shields        | 4 5 |  5.8
Dodging        | 1 2 |  2.7
Short Blades   | 2 4 |  4.8
Throwing       | |  0.3
Stealth        | |  0.8

Action                   |  1- 3 |  4- 6 |  7- 9 || total
-------------------------+-------+-------+-------++-------
Melee: Flail             |    89 |       |       ||    89
       Morningstar       |       |   135 |       ||   135
       Rapier            |       |    17 |   340 ||   357
Throw: Dart              |       |     1 |     3 ||     4
  Use: Scroll            |     3 |     9 |     8 ||    20
       Potion            |       |     2 |     2 ||     4
Armor: Scale mail        |    42 |   183 |   285 ||   510
Dodge: Dodged            |    50 |   158 |   229 ||   437
Block: Buckler           |    23 |    76 |   121 ||   220

Table legend: (Time is in decaauts)
 A = Elapsed time spent in this place.
 B = Non-inter-level travel time spent in this place.
 C = Inter-level travel time spent in this place.
 D = Time resting spent in this place.
 E = Time spent auto-exploring this place.
 F = Levels seen in this place.
 G = Mean time per level.
                   A        B        C        D        E       F      G
               +--------+--------+--------+--------+--------+-----+--------+
         Total |   7868 |   7372 |    496 |    761 |   3993 |  10 |  786.8 |
       Dungeon |   6705 |   6219 |    486 |    678 |   3597 |   7 |  957.9 |
        Temple |    374 |    364 |     10 |      0 |    361 |   1 |  374.0 |
         Sewer |    452 |    452 |      0 |     59 |     35 |   1 |  452.0 |
        Bailey |    336 |    336 |      0 |     24 |      0 |   1 |  336.0 |
               +--------+--------+--------+--------+--------+-----+--------+

Top non-repeatable levels by time:
     D:1: 1481 daAuts
     D:3: 1378 daAuts
     D:6: 974 daAuts
     D:5: 953 daAuts
     D:4: 944 daAuts
     D:2: 907 daAuts
   Sewer: 452 daAuts
  Temple: 374 daAuts
  Bailey: 336 daAuts
     D:7: 65 daAuts
